 Dungeon Crawl Stone Soup version 0.29-a0-330-g52719c12eb (webtiles) character file.

Game seed: 5177379394940177895

11 graki42 the Firebug (level 2, 5/15 HPs)
             Began as a Deep Elf Fire Elementalist on May 26, 2022.
             Quit the game on level 1 of the Dungeon.
             The game lasted 00:02:01 (188 turns).

graki42 the Firebug (Deep Elf Fire Elementalist)     Turns: 188, Time: 00:02:02

Health: 5/15       AC:  2    Str:  5    XL:     2   Next: 13%
Magic:  0/8        EV: 10    Int: 19    God:
Gold:   3          SH:  0    Dex: 15    Spells: 4/7 levels left

rFire   . . .      SeeInvis .   (no weapon)
rCold   . . .      Faith    .   (no shield)
rNeg    . . .      Spirit   .   a - +0 robe
rPois   .          Reflect  .   (no helmet)
rElec   .          Harm     .   (no cloak)
rCorr   .          Rampage  .   (no gloves)
Will    .....                   (no boots)
Stlth   ++........              (no amulet)
HPRegen 0.05/turn               (no ring)
MPRegen 0.11/turn               (no ring)

@: constricted
A: no striking features
a: no special abilities


You were on level 1 of the Dungeon.
You visited 1 branch of the dungeon, and saw 1 of its levels.

You collected 3 gold pieces.

Inventory:

Armour
 a - a +0 robe (worn)
Potions
 b - a potion of magic
 c - a potion of degeneration {unknown}


   Skills:
 + Level 2.7 Dodging
 + Level 2.7 Stealth
 + Level 3.2 Spellcasting
 + Level 1.4 Conjurations
 + Level 3.4 Fire Magic


You had 4 spell levels left.
You knew the following spells:

 Your Spells              Type           Power      Damage    Failure   Level
a - Foxfire               Conj/Fire      48%        2x1d6     5%          1
b - Scorch                Fire           32%        2d7       5%          2

Your spell library contained the following spells:

 Spells                   Type           Power      Damage    Failure   Level
 Conjure Flame            Conj/Fire      12%        6-21      17%         3
 Inner Flame              Hex/Fire       9%         N/A       22%         3
 Flame Wave               Conj/Fire      12%        2d6       50%         4


Dungeon Overview and Level Annotations

Branches:
Dungeon (1/15)

Altars:


Message History

A hobgoblin comes into view.
Found a fizzy red potion.
Casting: Foxfire (safe; 5% risk of failure)
Confirm with . or Enter, or press ? or * to list all spells.
Flames lash the jackal.
You kill the jackal!
The ball python hisses angrily.
You hear a shout!
A jackal comes into view.
The jackal bites you.
Unknown command.
The jackal bites you but does no damage.
The jackal barely misses you. The ball python barely misses you.
The ball python completely misses you. The jackal closely misses you.
The ball python misses you. The ball python grabs you.
The ball python constricts you.
A kobold comes into view. It is wielding a +0 whip.
Casting: Scorch (safe; 5% risk of failure)
Confirm with . or Enter, or press ? or * to list all spells.
Flames lash the giant cockroach.
The giant cockroach is heavily wounded.
The giant cockroach's fire resistance burns away.
The kobold shouts!
You hear a bark!
The jackal bites you but does no damage.
The ball python bites you. The ball python constricts you.
The jackal bites you but does no damage.
Casting: Scorch (safe; 5% risk of failure)
Confirm with . or Enter, or press ? or * to list all spells.
Flames lash the ball python.
The ball python is severely wounded.
The ball python's fire resistance burns away.
The ball python bites you. The ball python constricts you.
The jackal bites you. The giant cockroach closely misses you.
Casting: Scorch (safe; 5% risk of failure)
Confirm with . or Enter, or press ? or * to list all spells.
Flames lash the jackal.
You kill the jackal!
The giant cockroach is no longer more vulnerable to fire.
The ball python bites you. The ball python constricts you.
The giant cockroach barely misses you.
Are you sure you want to abandon this character and quit the game? (Confirm with "yes".)

. #.#....###.. ..?
#...........
#...##.##.#.###..
.#.............#
.....##..#.#####..
.....##..#........
..................
......Sg..#######.
#...##@B.#
!..............
.#..........##.
......†........
.......##K..##.
....... ...... .
.##.... ......
..... ...##.


You could see a giant cockroach, a hobgoblin, a ball python (combustible) and a
kobold.

Vanquished Creatures
  A giant cockroach (D:1)
  A goblin (D:1)
  3 jackals (D:1)
  A kobold (D:1)
  A quokka (D:1)
  A frilled lizard (D:1)
  A rat (D:1)
9 creatures vanquished.

Vanquished Creatures (others)
  24 foxfires (D:1)
24 creatures vanquished.

Grand Total: 33 creatures vanquished

Notes
Turn   | Place    | Note
-------+----------+-------------------------------------------
     0 | D:1      | graki42 the Deep Elf Fire Elementalist began the quest for
                  | the Orb.
     0 | D:1      | Reached XP level 1. HP: 10/10 MP: 6/6
   142 | D:1      | Reached XP level 2. HP: 15/15 MP: 4/8
   175 | D:1      | Learned a level 2 spell: Scorch
   188 | D:1      | Quit the game

Illustrated notes

Levels and vault maps discovered:
D:1:      dpeg_arrival_lava_altar, layout_basic, serial_shops, shop_coins,
          dreamdust_ecumenical_altar_hidden_monk_grotto

Action                   || total
-------------------------++-------
 Cast: Foxfire           ||    13
       Scorch            ||     4
Armor: Robe              ||     3
Dodge: Dodged            ||     7

Table legend: (Time is in decaauts)
 A = Elapsed time spent in this place.
 B = Non-inter-level travel time spent in this place.
 C = Inter-level travel time spent in this place.
 D = Time resting spent in this place.
 E = Time spent auto-exploring this place.
 F = Levels seen in this place.
 G = Mean time per level.
                   A        B        C        D        E       F      G
               +--------+--------+--------+--------+--------+-----+--------+
         Total |    188 |    188 |      0 |     30 |    101 |   1 |  188.0 |
       Dungeon |    188 |    188 |      0 |     30 |    101 |   1 |  188.0 |
               +--------+--------+--------+--------+--------+-----+--------+

Top non-repeatable levels by time:
     D:1: 188 daAuts
